 Dungeon Crawl Stone Soup version 0.18.1-48-g4cf74bf (webtiles) character file.

3215 atgrul the Geomancer (level 9, 0/53 HPs)
             Began as a Gargoyle Earth Elementalist on July 24, 2016.
             Was a Follower of Vehumet.
             Slain by an orc warrior
             ... wielding a +0 hand axe
              (19 damage)
             ... on level 7 of the Dungeon.
             The game lasted 00:49:55 (9306 turns).

atgrul the Geomancer (Gargoyle Earth Elementalist)  Turns: 9306, Time: 00:49:56

Health: 0/53       AC:  7    Str: 13    XL:     9   Next: 97%
Magic:  17/33      EV: 12    Int: 18    God:    Vehumet [*.....]
Gold:   237        SH:  0    Dex: 10    Spells: 3 memorised, 7 levels left

rFire  + . .     SeeInvis .     D - +3 war axe of Optimality {flame, MP+9}
rCold  x . .     Gourm    .     a - +0 robe
rNeg   + . .     Faith    .     (no shield)
rPois  ∞         Spirit   .     (no helmet)
rElec  +         Dismiss  .     (no cloak)
rCorr  .         Reflect  .     (no gloves)
SustAt .         Harm     .     (no boots)
MR     .....                    (no amulet)
Stlth  ++........               q - ring of magical power
                                n - ring of fire

@: not resistant to hostile enchantments, unstealthy
A: negative energy resistance 1, electricity resistance, unbreathing,
petrification resistance, rot immunity, AC +5
a: Renounce Religion


You were on level 7 of the Dungeon.
You worshipped Vehumet.
Vehumet was aware of your devotion.
You were hungry.

You visited 2 branches of the dungeon, and saw 8 of its levels.

You collected 237 gold pieces.

Inventory:

Hand Weapons
 f - a +0 dagger
 D - the +3 war axe of Optimality (weapon) {flame, MP+9}
   (You found it on level 5 of the Dungeon)

   It has been specially enchanted to burn those struck by it, causing extra
   injury to most foes and up to half again as much damage against particularly
   susceptible opponents.
   Big, fiery blades are also staple armaments of hydra-hunters.
   It affects your magic capacity (+9).
Missiles
 b - 274 stones (quivered)
Armour
 a - a +0 robe (worn)
Jewellery
 d - an uncursed ring of flight
 n - a ring of fire (left hand)
 q - a ring of magical power (right hand)
Wands
 s - a wand of flame (28/48)
 y - a wand of polymorph (13/24)
Scrolls
 i - 3 scrolls of enchant weapon
 l - a scroll of fog {unknown}
 m - 3 scrolls of recharging
 p - a scroll of random uselessness
 t - 2 scrolls of amnesia
 u - 2 scrolls of teleportation
 w - 2 scrolls of immolation
 F - a scroll of enchant armour {unknown}
Potions
 e - 4 potions of might
 g - 2 potions of curing {unknown}
 o - a potion of invisibility
 r - a potion of flight
 v - a potion of lignification
 x - 3 potions of ambrosia {unknown}
 z - a potion of cure mutation {unknown}
 B - a potion of agility
 C - a potion of heal wounds
 G - a potion of mutation {unknown}
Books
 c - a book of Geomancy

   Spells                             Type                      Level
   a - Sandblast                      Earth                        1
   b - Passwall                       Transmutation/Earth          2
   c - Stone Arrow                    Conjuration/Earth            3
   d - Petrify                        Transmutation/Earth          4
   e - Lee's Rapid Deconstruction     Earth                        5
 E - Sif Muna's Reference Book on Supportive Confrontation
   (You found it on level 5 of the Dungeon)

   Spells                             Type                      Level
   a - Force Lance                    Conjuration/Translocation    4
   b - Summon Ice Beast               Ice/Summoning                4
   c - Summon Demon                   Summoning                    5
 H - a book of Callings

   Spells                             Type                      Level
   a - Summon Small Mammal            Summoning                    1
   b - Call Imp                       Summoning                    2
   c - Call Canine Familiar           Summoning                    3
   d - Summon Guardian Golem          Hexes/Summoning              3
   e - Summon Lightning Spire         Summoning/Air                4
   f - Summon Ice Beast               Ice/Summoning                4
Comestibles
 j - a royal jelly
 k - 8 slices of pizza
 A - 4 meat rations
 I - 3 bread rations
 J - 2 beef jerkies


   Skills:
 * Level 4.9 Fighting
 - Level 0.1 Throwing
 - Level 1.5 Dodging
 - Level 2.1 Stealth
 + Level 4.1 Spellcasting
 * Level 5.7 Conjurations
   Level 0.7 Transmutations
 - Level 13.0 Earth Magic


You had 7 spell levels left.
You knew the following spells:

 Your Spells              Type           Power        Failure   Level  Hunger
a - Sandblast             Erth           ######       1%          1    None
b - Stone Arrow           Conj/Erth      #####.       1%          3    ###....
c - Lee's Rapid Deconstr  Erth           ######....   1%          5    ######.


Dungeon Overview and Level Annotations

Branches:
Dungeon (7/15)             Temple (1/1) D:5

Altars:
Ashenzari
Cheibriados
Dithmenos
Fedhas
Gozag
Kikubaaqudgha
Makhleb
Nemelex Xobeh
Okawaru
Pakellas
Qazlal
Ru
Sif Muna
Trog
Vehumet
Xom
Yredelemnul
Zin
The Shining One

Annotations:
D:4 Grinder


Innate Abilities, Weirdness & Mutations

You are resistant to torment.
Your stone body is resilient (AC +5).
You are immune to poison.
You resist negative energy.
You are resistant to electric shocks.
You can survive without breathing.
You are immune to petrification.
You are immune to rotting.


Message History

Confirm with . or Enter, or press ? or * to list all spells.
Aiming: Sandblast
Press: ? - help, Shift-Dir - straight line, f/p - orc warrior
Aim: an orc warrior, wielding a hand axe and wearing a plate armour
Okay, then.
Casting: Sandblast
Confirm with . or Enter, or press ? or * to list all spells.
Aiming: Stone Arrow
Press: ? - help, Shift-Dir - straight line, f/p - orc warrior
Aim: an orc warrior, wielding a hand axe and wearing a plate armour The stone arrow misses the orc warrior.
Casting: Stone Arrow
Confirm with . or Enter, or press ? or * to list all spells.
Aiming: Stone Arrow
Press: ? - help, Shift-Dir - straight line, f/p - orc warrior
Aim: an orc warrior, wielding a hand axe and wearing a plate armour The stone arrow hits the orc warrior.
The orc warrior is severely wounded.
The orc warrior hits you with a hand axe!!
You die...

........#.#.##............#
#..#
##......#.#.##............#
#.>#
#......#.#.##.........####
##.#
#...)..#.#.##.........# #.#
#......#.#.########'#.# #.#
######.#.#.# #.#.# #.#
#.#.#.# #.#.# #.#
#######.#.#.###### #.#.#
#.# ...............o@#
#.#.# #.#
###########.###### #.#.#
#.# ............# #.#.# #.#
####################.#.#
#.#
.....................#.#
#.#
######################.#
#.# #.# #.# #.########.#
#........÷.#


You could see an orc warrior.

Vanquished Creatures
  A human (D:7)
  A yak (D:7)
  2 hippogriffs (D:7)
  Edmund (D:5)
  A water moccasin (D:6)
  An orc warrior (D:7)
  A sky beast (D:7)
  2 ice beasts
  2 phantoms (D:5)
  A necrophage (D:7)
  3 ogres
  2 centaurs
  4 giant frogs
  A scorpion (D:5)
  A howler monkey (D:5)
  2 crimson imps
  A giant frog zombie (D:7)
  A jelly (D:5)
  A centaur zombie (D:5)
  3 hounds
  A centaur skeleton (D:4)
  3 iguanas
  2 giant frog skeletons (D:6)
  10 worker ants
  An orc wizard (D:6)
  Ijyb (D:2)
  3 sheep (D:7)
  A howler monkey zombie (D:7)
  Robin (D:3)
  4 gnolls (D:4)
  A howler monkey skeleton (D:6)
  8 adders
  3 shadow imps
  2 oozes
  An adder skeleton (D:5)
  5 worms
  3 dart slugs
  3 giant geckos
  17 orcs
  6 giant cockroaches
  12 hobgoblins
  10 jackals
  7 kobolds
  2 quokkas
  A ball python (D:1)
  8 bats
  9 giant newts
  21 goblins
  9 rats
187 creatures vanquished.

Notes
Turn   | Place    | Note
--------------------------------------------------------------
     0 | D:1      | atgrul the Gargoyle Earth Elementalist began the quest for the Orb.
     0 | D:1      | Reached XP level 1. HP: 10/10 MP: 3/3
   193 | D:1      | Reached skill level 4 in Earth Magic
   235 | D:1      | Reached XP level 2. HP: 15/15 MP: 0/5
  1269 | D:1      | Reached XP level 3. HP: 18/19 MP: 1/6
  1284 | D:1      | Reached skill level 5 in Earth Magic
  1626 | D:2      | Reached XP level 4. HP: 21/24 MP: 1/7
  2040 | D:2      | Noticed Ijyb
  2060 | D:2      | Reached skill level 6 in Earth Magic
  2066 | D:2      | Learned a level 3 spell: Stone Arrow
  2156 | D:2      | Killed Ijyb
  2593 | D:3      | Reached XP level 5. HP: 28/28 MP: 8/8
  2721 | D:3      | Noticed Robin
  2845 | D:3      | Killed Robin
  3094 | D:3      | Reached skill level 7 in Earth Magic
  3714 | D:4      | Reached skill level 1 in Conjurations
  3963 | D:4      | Reached XP level 6. HP: 32/32 MP: 9/9
  3969 | D:4      | Found an iron altar of Okawaru.
  3987 | D:4      | Noticed Grinder
  4086 | D:4      | Noticed Edmund
  4184 | D:3      | Reached skill level 8 in Earth Magic
  4773 | D:4      | Reached XP level 7. HP: 35/36 MP: 8/10
  4888 | D:3      | Reached skill level 9 in Earth Magic
  5120 | D:3      | Learned a level 5 spell: Lee's Rapid Deconstruction
  5255 | D:4      | Paralysed by Grinder for 3 turns
  5295 | D:5      | Entered Level 5 of the Dungeon
  5501 | D:5      | Got a pitted war axe
  5502 | D:5      | Identified the +3 war axe of Optimality {flame, MP+9} (You found it on level 5 of the Dungeon)
  5722 | D:5      | Reached skill level 10 in Earth Magic
  5834 | D:5      | Identified Sif Muna's Reference Book on Supportive Confrontation
  5892 | D:5      | Reached XP level 8. HP: 41/41 MP: 11/11
  5978 | D:5      | Killed Edmund
  5978 | D:5      | Reached skill level 1 in Fighting
  5978 | D:5      | Reached skill level 11 in Earth Magic
  6178 | D:5      | Found a staircase to the Ecumenical Temple.
  6188 | Temple   | Entered the Ecumenical Temple
  6300 | Temple   | Became a worshipper of Vehumet
  6994 | D:6      | Noticed a green ugly thing
  7331 | D:6      | Reached skill level 12 in Earth Magic
  7482 | D:6      | Reached XP level 9. HP: 49/49 MP: 12/12
  8100 | D:7      | Found a sparkling altar of Nemelex Xobeh.
  8137 | D:7      | Reached skill level 13 in Earth Magic
  8235 | D:7      | Reached * piety under Vehumet
  8235 | D:7      | Offered knowledge of Sting by Vehumet.
  8614 | D:7      | Found a radiant altar of Vehumet.
  8653 | D:7      | Reached skill level 5 in Conjurations
  9306 | D:7      | Slain by an orc warrior

Skill      XL: |  1  2  3  4  5  6  7  8  9 |
---------------+----------------------------+-----
Earth Magic    | 4 5 6 7 8 10 12 13 | 13.0
Conjurations   | 1 2 3 5 |  5.7
Fighting       | 2 4 |  4.9
Spellcasting   | 4 |  4.1
Throwing       | |  0.1
Dodging        | |  1.5
Stealth        | |  2.1
Transmutations | |  0.7

Action                   |  1- 3 |  4- 6 |  7- 9 || total
-------------------------+-------+-------+-------++-------
Melee: Dagger            |    56 |    49 |    16 ||   121
       Unarmed           |     3 |       |       ||     3
       War axe           |       |       |    48 ||    48
Throw: Stone             |     1 |       |    13 ||    14
 Cast: Sandblast         |    62 |   164 |   189 ||   415
       Stone Arrow       |       |     3 |    65 ||    68
       Lee's Rapid Decon |       |       |     3 ||     3
  Use: Scroll            |       |     8 |     5 ||    13
       Potion            |       |     1 |     4 ||     5
 Stab: Sleeping          |     1 |       |       ||     1
  Eat: Chunk             |     3 |     3 |     9 ||    15
       Bread ration      |       |     3 |     2 ||     5
       Beef jerky        |       |       |     2 ||     2
Armor: Robe              |    40 |    43 |    71 ||   154
       Skin              |       |       |     1 ||     1
Dodge: Dodged            |    58 |    90 |   146 ||   294
